NWL (28 & UNDER)
RED DEER WRANGLERS @ MOOSE JAW GHOSTBUSTERS
07/24/2026
 
TOP OF THE 1ST
Red Deer Wranglers batting - Pitching for Moose Jaw Ghostbusters : LHP Martin White
Pitching: LHP Martin White
Batting: LHB Del Kennedy 0-0: Ground out 1-3 (Groundball, 15S)
Batting: RHB Paul Swift 0-0: Ball
1-0: Swinging Strike
1-1: Ball
2-1: SINGLE (Groundball, 4M)
Batting: RHB Todd Bryant 0-0: Ball
1-0: Swinging Strike
1-1: Called Strike
1-2: Strikes out looking
Batting: LHB Enrico Vargas 0-0: Called Strike
0-1: Foul Ball, location: 2F
0-2: Ball
1-2: Foul Ball, location: 2F
1-2: Foul Ball, location: 2F
1-2: Foul Ball, location: 2F
1-2: Foul Ball, location: 2F
1-2: 2-RUN HOME RUN (Line Drive, 89XD), Distance : 401 ft
Batting: LHB Jorge Olvera 0-0: Foul Ball, location: 2F
0-1: Ball
1-1: Ball
2-1: Fly out, F9 (Flyball, 9S)
Top of the 1st over - 2 run(s), 2 hit(s), 0 error(s), 0 left on base; Red Deer 2 - Moose Jaw 0
BOTTOM OF THE 1ST
Moose Jaw Ghostbusters batting - Pitching for Red Deer Wranglers : RHP Ron Chapman
Pitching: RHP Ron Chapman
Batting: RHB Ángel García 0-0: Called Strike
0-1: Swinging Strike
0-2: Ground out 4-3 (Groundball, 4)
Batting: RHB Dan Hooper 0-0: Ball
1-0: Called Strike
1-1: Ball
2-1: Foul Ball, location: 2F
2-2: Ball
3-2: Strikes out swinging
Batting: RHB John Major 0-0: Ball
1-0: Called Strike
1-1: Foul Ball, location: 2F
1-2: Ball
2-2: Foul Ball, location: 2F
2-2: Fly out, F6 (Popup, 6MD)
Bottom of the 1st over - 0 run(s), 0 hit(s), 0 error(s), 0 left on base; Red Deer 2 - Moose Jaw 0
TOP OF THE 2ND
Red Deer Wranglers batting - Pitching for Moose Jaw Ghostbusters : LHP Martin White
Batting: RHB Carlos Peña 0-0: Ball
1-0: Ball
2-0: Fly out, F7 (Flyball, 7LS)
Batting: LHB Fred Abrams 0-0: Ball
1-0: Called Strike
1-1: Called Strike
1-2: Ball
2-2: Strikes out swinging
Batting: RHB Juan Carlos Alfonzo 0-0: Foul Ball, location: 2F
0-1: Ball
1-1: Called Strike
1-2: Strikes out looking
Top of the 2nd over - 0 run(s), 0 hit(s), 0 error(s), 0 left on base; Red Deer 2 - Moose Jaw 0
BOTTOM OF THE 2ND
Moose Jaw Ghostbusters batting - Pitching for Red Deer Wranglers : RHP Ron Chapman
Batting: RHB Paco Hernández 0-0: Ball
1-0: Ball
2-0: Called Strike
2-1: Called Strike
2-2: Ground out 6-3 (Groundball, 6M)
Batting: RHB Luis Miguel Sánchez 0-0: Called Strike
0-1: Ball
1-1: Foul Ball, location: 2F
1-2: Ball
2-2: Ball
3-2: SINGLE (Line Drive, 6M)
Batting: RHB León Rivera 0-0: Ball
1-0: Swinging Strike
1-1: Foul Ball, location: 2F
1-2: Ball
2-2: Strikes out swinging
Batting: LHB John Christopher 0-0: Called Strike
0-1: Ball
1-1: Ball
2-1: Foul Ball, location: 2F
2-2: Strikes out swinging
Bottom of the 2nd over - 0 run(s), 1 hit(s), 0 error(s), 1 left on base; Red Deer 2 - Moose Jaw 0
TOP OF THE 3RD
Red Deer Wranglers batting - Pitching for Moose Jaw Ghostbusters : LHP Martin White
Batting: LHB Andrew Veeck 0-0: Ball
1-0: Ball
2-0: Foul Ball, location: 2F
2-1: Foul Ball, location: 2F
2-2: Strikes out swinging
Batting: LHB Del Kennedy 0-0: Called Strike
0-1: Ball
1-1: Ball
2-1: Swinging Strike
2-2: Ball
3-2: Foul Ball, location: 2F
3-2: Strikes out swinging
Batting: RHB Paul Swift 0-0: Ball
1-0: DOUBLE (Groundball, 5L)
Batting: RHB Todd Bryant 0-0: Ball
1-0: Called Strike
1-1: Foul Ball, location: 2F
1-2: Ground out 5-3 (Groundball, 5D)
Top of the 3rd over - 0 run(s), 1 hit(s), 0 error(s), 1 left on base; Red Deer 2 - Moose Jaw 0
BOTTOM OF THE 3RD
Moose Jaw Ghostbusters batting - Pitching for Red Deer Wranglers : RHP Ron Chapman
Batting: RHB Shawn Bane 0-0: Swinging Strike
0-1: Foul Ball, location: 2F
0-2: Strikes out swinging
Batting: LHB John Robbins 0-0: Ball
1-0: Ball
2-0: Called Strike
2-1: Ball
3-1: Called Strike
3-2: Foul Ball, location: 2F
3-2: Base on Balls
Batting: RHB Ángel García 0-0: Called Strike
0-1: Ball
1-1: Ball
2-1: Foul Ball, location: 2F
2-2: Foul Ball, location: 2F
2-2: Ball
3-2: Fly out, F7 (Flyball, 78D)
Batting: RHB Dan Hooper 0-0: Called Strike
0-1: Ball
1-1: Ball
John Robbins steals 2nd base
2-1: SINGLE (Line Drive, 34)
John Robbins to third
Runner from 3rd tries for Home, SAFE, no throw or cutoff
Batting: RHB John Major 0-0: Ball
1-0: Ground out 4-3 (Groundball, 4)
Bottom of the 3rd over - 1 run(s), 1 hit(s), 0 error(s), 1 left on base; Red Deer 2 - Moose Jaw 1
TOP OF THE 4TH
Red Deer Wranglers batting - Pitching for Moose Jaw Ghostbusters : LHP Martin White
Batting: LHB Enrico Vargas 0-0: Fly out, F9 (Flyball, 9M)
Batting: LHB Jorge Olvera 0-0: Foul Ball, location: 2F
0-1: Foul Ball, location: 2F
0-2: DOUBLE (Flyball, 8LXD)
Pinch Runner at 2nd Greg Nelson:
Batting: RHB Carlos Peña 0-0: Ball
1-0: Called Strike
1-1: Ball
2-1: Ball
3-1: Foul Ball, location: 2F
3-2: Fly out, F6 (Popup, 6M)
Batting: LHB Fred Abrams 0-0: Called Strike
0-1: Foul Ball, location: 2F
0-2: Strikes out swinging
Top of the 4th over - 0 run(s), 1 hit(s), 0 error(s), 1 left on base; Red Deer 2 - Moose Jaw 1
BOTTOM OF THE 4TH
Moose Jaw Ghostbusters batting - Pitching for Red Deer Wranglers : RHP Ron Chapman
Now in CF: Greg Nelson
Batting: RHB Paco Hernández 0-0: Ball
1-0: Ball
2-0: Ball
3-0: Called Strike
3-1: Ground out 6-3 (Groundball, 6)
Batting: RHB Luis Miguel Sánchez 0-0: Ball
1-0: Ground out 1-3 (Groundball, 3S)
Batting: RHB León Rivera 0-0: Ball
1-0: SINGLE (Line Drive, 7S)
Batting: LHB John Christopher 0-0: Ball
1-0: Ball
2-0: SINGLE (Groundball, 3L)
León Rivera to second
Runner from 2nd tries for 3rd, SAFE, throw made to third
John Christopher to second
Batting: RHB Shawn Bane 0-0: Called Strike
0-1: Ball
1-1: Called Strike
1-2: Foul Ball, location: 2F
1-2: Ball
2-2: Foul Ball, location: 2F
2-2: Foul Ball, location: 2F
2-2: Fly out, F3 (Popup, 4S)
Bottom of the 4th over - 0 run(s), 2 hit(s), 0 error(s), 2 left on base; Red Deer 2 - Moose Jaw 1
TOP OF THE 5TH
Red Deer Wranglers batting - Pitching for Moose Jaw Ghostbusters : LHP Martin White
Batting: RHB Juan Carlos Alfonzo 0-0: Called Strike
0-1: Ball
1-1: Ground out 6-3 (Groundball, 6)
Batting: LHB Andrew Veeck 0-0: Fly out, F3 (Popup, 3L)
Batting: LHB Del Kennedy 0-0: Foul Ball, location: 2F
0-1: Fly out, F8 (Popup, 4MD)
Top of the 5th over - 0 run(s), 0 hit(s), 0 error(s), 0 left on base; Red Deer 2 - Moose Jaw 1
BOTTOM OF THE 5TH
Moose Jaw Ghostbusters batting - Pitching for Red Deer Wranglers : RHP Ron Chapman
Batting: LHB John Robbins 0-0: Called Strike
0-1: Ball
1-1: Ground out 1-3 (Groundball, 15)
Batting: RHB Ángel García 0-0: Ball
1-0: Called Strike
1-1: Foul Ball, location: 2F
1-2: Strikes out swinging
Batting: RHB Dan Hooper 0-0: DOUBLE (Line Drive, 89M)
Batting: RHB John Major 0-0: SINGLE (Groundball, 6MD)
Dan Hooper to third
Runner from 3rd tries for Home, SAFE, no throw or cutoff
Batting: RHB Paco Hernández 0-0: Called Strike
0-1: Ball
1-1: DOUBLE (Flyball, 89D)
John Major to third
Batting: RHB Luis Miguel Sánchez 0-0: Called Strike
0-1: Ball
1-1: Ball
2-1: Ground out 6-3 (Groundball, 6)
Bottom of the 5th over - 1 run(s), 3 hit(s), 0 error(s), 2 left on base; Red Deer 2 - Moose Jaw 2
TOP OF THE 6TH
Red Deer Wranglers batting - Pitching for Moose Jaw Ghostbusters : LHP Martin White
Batting: RHB Paul Swift 0-0: SINGLE (Line Drive, 6MD)
Batting: RHB Todd Bryant 0-0: Called Strike
0-1: Called Strike
0-2: Ball
1-2: SINGLE (Line Drive, 78S)
Paul Swift to second
Batting: LHB Enrico Vargas 0-0: Ball
1-0: Fly out, F9 (Line Drive, 89D)
Runner from 2nd tags up, SAFE at 3rd, no throw
Batting: LHB Greg Nelson 0-0: Ball
1-0: Ball
2-0: Called Strike
2-1: Foul Ball, location: 2F
2-2: Fielders Choice at 2nd, 3-6 (Groundball, 3)
Paul Swift scores
Pitching: RHP José Estrada
Batting: RHB Carlos Peña 0-0: Swinging Strike
0-1: Foul Ball, location: 2F
0-2: Foul Ball, location: 2F
0-2: Strikes out swinging
Top of the 6th over - 1 run(s), 2 hit(s), 0 error(s), 1 left on base; Red Deer 3 - Moose Jaw 2
BOTTOM OF THE 6TH
Moose Jaw Ghostbusters batting - Pitching for Red Deer Wranglers : RHP Ron Chapman
Pitching: LHP Manuel Gil
Batting: RHB León Rivera 0-0: Bunt for hit - play at first, batter OUT! 2-3
Batting: LHB John Christopher 0-0: Fly out, F7 (Flyball, 7LM)
Batting: RHB Shawn Bane 0-0: Called Strike
0-1: Ball
1-1: Called Strike
1-2: Strikes out swinging
Bottom of the 6th over - 0 run(s), 0 hit(s), 0 error(s), 0 left on base; Red Deer 3 - Moose Jaw 2
TOP OF THE 7TH
Red Deer Wranglers batting - Pitching for Moose Jaw Ghostbusters : RHP José Estrada
Batting: LHB Fred Abrams 0-0: Ball
1-0: Ball
2-0: Swinging Strike
2-1: Fly out, F4 (Line Drive, 4M)
Batting: RHB Juan Carlos Alfonzo 0-0: Ground out 3-1 (Groundball, 34S)
Batting: LHB Andrew Veeck 0-0: Fly out, F5 (Popup, 5DF)
Top of the 7th over - 0 run(s), 0 hit(s), 0 error(s), 0 left on base; Red Deer 3 - Moose Jaw 2
BOTTOM OF THE 7TH
Moose Jaw Ghostbusters batting - Pitching for Red Deer Wranglers : LHP Manuel Gil
Batting: LHB John Robbins 0-0: Foul Ball, location: 2F
0-1: Foul Ball, location: 2F
0-2: DOUBLE (Popup, 7LS)
Batting: RHB Ángel García 0-0: Ball
1-0: Bunted foul
1-1: Bunted foul
1-2: Ball
2-2: Ball
3-2: Base on Balls
Batting: RHB Dan Hooper 0-0: Ball
1-0: Foul Ball, location: 2F
1-1: Bunt missed!
1-2: Ball
2-2: Ball
3-2: Foul Ball, location: 2F
3-2: Ground out 5-3 (Groundball, 5)
John Robbins to third
Ángel García to second
Batting: RHB John Major 0-0: Ball
1-0: Ball
2-0: Foul Ball, location: 2F
2-1: Called Strike
2-2: Fly out, F7 (Flyball, 7D)
Runner from 3rd tags up, SCORES, no throw
Batting: RHB Paco Hernández 0-0: Foul Ball, location: 2F
0-1: Ground out 1-3 (Groundball, 13S)
Bottom of the 7th over - 1 run(s), 1 hit(s), 0 error(s), 1 left on base; Red Deer 3 - Moose Jaw 3
TOP OF THE 8TH
Red Deer Wranglers batting - Pitching for Moose Jaw Ghostbusters : RHP José Estrada
Batting: LHB Del Kennedy 0-0: Ball
1-0: Ball
2-0: Called Strike
2-1: Ball
3-1: Base on Balls
Batting: RHB Paul Swift 0-0: Called Strike
0-1: Foul Ball, location: 2F
0-2: Fly out, F9 (Flyball, 89D)
Batting: RHB Todd Bryant 0-0: Ball
1-0: Ball
2-0: Called Strike
2-1: SINGLE (Popup, 34D)
Del Kennedy to second
Runner from 2nd tries for 3rd, SAFE, throw made to third
Todd Bryant to second
Batting: LHB Enrico Vargas 0-0: Called Strike
0-1: Ball
1-1: Ball
2-1: Ground out 4-3 (Groundball, 4)
Batting: LHB Greg Nelson 0-0: Ball
1-0: Called Strike
1-1: Ball
2-1: Ball
3-1: Foul Ball, location: 2F
3-2: Base on Balls
Pitching: RHP Bennett Greer
Batting: RHB Carlos Peña 0-0: SINGLE (Flyball, 8RM)
Del Kennedy scores
Todd Bryant to third
Greg Nelson to second
Runner from 3rd tries for Home, SAFE, no throw or cutoff
Batting: LHB Fred Abrams 0-0: Ball
1-0: Foul Ball, location: 2F
1-1: Swinging Strike
1-2: Strikes out looking
Top of the 8th over - 2 run(s), 2 hit(s), 0 error(s), 2 left on base; Red Deer 5 - Moose Jaw 3
BOTTOM OF THE 8TH
Moose Jaw Ghostbusters batting - Pitching for Red Deer Wranglers : LHP Manuel Gil
Pitching: RHP Alonso Costello
Batting: RHB Luis Miguel Sánchez 0-0: Swinging Strike
0-1: Ball
1-1: Ball
2-1: Ground out 6-3 (Groundball, 6)
Batting: RHB León Rivera 0-0: Ball
1-0: Swinging Strike
1-1: Ground out 5-3 (Groundball, 56)
Batting: LHB John Christopher 0-0: Ball
1-0: Called Strike
1-1: Ground out 4-3 (Groundball, 34)
Bottom of the 8th over - 0 run(s), 0 hit(s), 0 error(s), 0 left on base; Red Deer 5 - Moose Jaw 3
TOP OF THE 9TH
Red Deer Wranglers batting - Pitching for Moose Jaw Ghostbusters : RHP Bennett Greer
Batting: RHB Juan Carlos Alfonzo 0-0: Foul Ball, location: 2F
0-1: Swinging Strike
0-2: Strikes out swinging
Batting: LHB Andrew Veeck 0-0: Foul Ball, location: 2F
0-1: Foul Ball, location: 2F
0-2: Ball
1-2: Ball
2-2: Strikes out looking
Batting: LHB Del Kennedy 0-0: Ball
1-0: Hit by Pitch
Batting: RHB Paul Swift 0-0: Ball
1-0: Ball
2-0: Ball
3-0: Base on Balls
Del Kennedy to second
Batting: RHB Todd Bryant 0-0: Called Strike
0-1: Ball
1-1: Foul Ball, location: 2F
1-2: SINGLE (Line Drive, 56)
Del Kennedy to third
Paul Swift to second
Batting: LHB Enrico Vargas 0-0: Fly out, F3 (Popup, 3SF)
Top of the 9th over - 0 run(s), 1 hit(s), 0 error(s), 3 left on base; Red Deer 5 - Moose Jaw 3
BOTTOM OF THE 9TH
Moose Jaw Ghostbusters batting - Pitching for Red Deer Wranglers : RHP Alonso Costello
Pitching: RHP Russell Cooper
Batting: RHB Shawn Bane 0-0: Ball
1-0: Called Strike
1-1: Swinging Strike
1-2: Strikes out swinging
Batting: LHB John Robbins 0-0: Ball
1-0: Ground out 5-3 (Groundball, 5L)
Batting: RHB Ángel García 0-0: Ball
1-0: Ground out 6-3 (Groundball, 6)
Bottom of the 9th over - 0 run(s), 0 hit(s), 0 error(s), 0 left on base; Red Deer 5 - Moose Jaw 3
Monday, December 5th, 2016 - OOTP Baseball 17.12 Build 75